[Event "5th Sharjah Masters 2022"]
[Site "Sharjah"]
[Date "2022.05.23"]
[Round "3.26"]
[White "Haznedaroglu, Kivanc"]
[Black "Can, Emre"]
[Result "1-0"]
[ECO "B95"]
[WhiteElo "2425"]
[BlackElo "2599"]
[Annotator "TA"]
[PlyCount "81"]
[EventDate "2022.05.21"]
[EventType "swiss"]
[EventCountry "UAE"]
[SourceTitle "playchess.com"]
[Source "ChessBase"]
[SourceQuality "1"]
[TimeControl "5400+30"]

1. e4 c5 2. Nf3 d6 3. d4 cxd4 4. Nxd4 Nf6 5. Nc3 a6 6. Bg5 e6 7. Qf3 h6 8. Be3 Nc6 {[%emt 0:04:55] [#] B95: Sicilian Najdorf: 6 Bg5 e6, unusual White 7th moves.} 9. h3 $146 ({Predecessor:} 9. Nxc6 bxc6 10. Be2 Rb8 11. b3 d5 12. Bf4 Rb4 13. a3 Nxe4 14. O-O Nxc3 15. axb4 Nxe2+ 16. Qxe2 Bxb4 {1-0 (54) Pessoa,F (2519)-Dijon,J (2437) ICCF email 2012}) 9... Bd7 10. Bd3 Rc8 {[%emt 0:04:34] The position is equal.} 11. O-O Ne5 12. Qe2 b5 13. f4 Nxd3 14. cxd3 b4 15. Nb1 Be7 16. a3 a5 17. axb4 axb4 18. Nd2 O-O 19. N2f3 Qc7 20. g4 Qb8 21. Rf2 Rfe8 22. Rg2 e5 23. Nf5 exf4 24. Bd4 (24. Bxf4 $14 {keeps the upper hand.} Bf8 25. Qd1) 24... Bd8 ({Black should try} 24... Bxf5 $17 25. gxf5 b3) 25. Nxg7 Kxg7 26. g5 hxg5 (26... Bxh3 $2 27. gxf6+ Kf8 28. Ng5 $1 $18 ) 27. Rxg5+ Kf8 {[%emt 0:00:48] Strongly threatening ...d5.} 28. Qf2 $1 {[%emt 0:00:02] [#]} Re6 ({Of course not} 28... Bxh3 29. Qh4 Be6 30. Qh6+ Ke7 31. Bxf6+ (31. Qxf6+ Kd7 $15) 31... Kd7 32. d4 $11) (28... Rc5 $1 $15 29. Bxc5 dxc5 30. Qxc5+ Be7) 29. Kh1 $2 (29. Qh4 $11 {and White has nothing to worry.}) 29... Bc6 (29... Bb5 $1 $19 {[%cal Rb5d3] and Black stays clearly on top.} 30. Qd2 Qb7) 30. Qh4 $17 Ke8 {[%emt 0:00:18][%cal Of6e4] And now ...Nxe4! would win.} 31. Qxf4 {[%emt 0:03:31] [#]} Be7 $1 32. Rg7 Qb5 33. Ng5 $2 (33. Bxf6 $15 Rxf6 34. Rg8+ Kd7 35. Qg4+ (35. Ra7+ $2 Rc7 $19) 35... Re6 36. Rxc8 Kxc8 37. Nd4 Qxd3 38. Nxc6 Qxe4+ 39. Qxe4 Rxe4 40. Ra7) 33... Qxd3 $19 34. Nxe6 {[%emt 0:05:15][%cal Oh1g1] Black must now prevent Kg1!} Qxh3+ 35. Kg1 Qxe6 36. Ra7 {[%emt 0:00:56] Threatening mate with Bxf6.} Nd7 37. Rg8+ Bf8 38. Bg7 (38. Qf5 $142) 38... Bxe4 (38... Qg6+ $142 39. Kf2 {[#]} Bb7 $1 ) 39. Bxf8 Nxf8 40. Qg5 Bg6 $4 (40... Bd5 $19 41. Ra1 Qe4) 41. Qb5+ {[%emt 0:00:25] White used his chance.  Weighted Error Value: White=0.69/Black=0.54} 1-0

[Event "5th Sharjah Masters 2022"]
[Site "Sharjah"]
[Date "2022.05.23"]
[Round "3.27"]
[White "Yuffa, Daniil"]
[Black "Buksa, Nataliya"]
[Result "1-0"]
[ECO "D78"]
[WhiteElo "2597"]
[BlackElo "2406"]
[Annotator "TA"]
[PlyCount "125"]
[EventDate "2022.05.21"]
[EventType "swiss"]
[EventCountry "UAE"]
[SourceTitle "playchess.com"]
[Source "ChessBase"]
[SourceQuality "1"]
[TimeControl "5400+30"]

1. d4 Nf6 2. c4 g6 3. g3 c6 4. Bg2 d5 5. Nf3 Bg7 6. O-O O-O 7. a4 {[%emt 0:00:08] D78: Fianchetto Grünfeld: 6 0-0 c6.} a5 8. Nc3 (8. cxd5 $11 {feels stronger.} Nxd5 9. Nc3) 8... Ne4 (8... dxc4 $15 9. e4 Na6) 9. Qb3 (9. Bf4 $142) 9... Na6 (9... dxc4 $11 10. Qxc4 Be6) 10. cxd5 $14 cxd5 11. Ne5 {[%emt 0:04:51] [#]} (11. Nxd5 $2 Be6 12. Nxe7+ Qxe7 $19) 11... e6 $146 (11... Be6 $11) ({Predecessor:} 11... Be6 12. Nxe4 dxe4 13. Qxb7 Nb4 14. Bxe4 Rb8 15. Qa7 Bd5 16. Bxd5 Qxd5 17. Qxe7 Nc2 {0-1 (51) Haessel,D (2184)-Humphreys,M (2091) Guelph 2011}) 12. Bxe4 dxe4 13. Rd1 (13. Nxe4 $2 Qxd4 14. Qf3 Qxe5 $19) 13... f5 (13... b6 $14) 14. h4 $36 {[%emt 0:05:38][%mdl 2048] White is really pushing. 0x0.001a28592881dp-1022s more active pieces. The black rooks are badly placed.} Nb4 15. Bg5 Bf6 16. Bxf6 Qxf6 17. Rac1 Nc6 ({Black should play} 17... Qe7) 18. Qb5 Ra6 19. e3 Nb4 {[%emt 0:08:53] [#]} (19... h6 $16 20. Ne2 g5) 20. Ne2 $1 $18 Qd8 21. Nf4 Rd6 22. Qc4 (22. Qc5 $18) 22... Bd7 $16 23. b3 Na2 (23... Nd5 $16 24. Nxd5 Rxd5) 24. Qc7 $18 Bc6 25. Qxd8 (25. Rxc6 bxc6 26. Qa7 c5 $14) 25... Rfxd8 26. Rc5 Bd5 27. Rxa5 Rb6 28. Rc5 {[%emt 0:04:25][%cal Ba5c5,Bc5c7,Bc7e7][%mdl 32] Prevents Rc8.} Rxb3 29. Rc7 Rc3 30. Re7 ({Weaker is} 30. Nxd5 exd5 31. Rxb7 Ra8 $18) 30... Rdc8 31. Rb1 (31. h5 $142 R3c7 32. Nd7) 31... R3c7 32. Nd7 {[%emt 0:05:36] Pair of Knights!} Kh8 33. Nxd5 exd5 34. Rb6 Rd8 35. Rd6 Nb4 {[%emt 0:00:42] [#]} 36. Nc5 $1 Rxd6 37. Rxc7 $16 {[%emt 0:00:05][%mdl 4096] Endgame KRN-KRN} b6 38. Nd7 Nd3 39. Kf1 h6 {[%emt 0:01:22] [#]} (39... Kg8 $16) 40. Ke2 $1 $18 g5 41. h5 ({Don't play} 41. Ne5 $6 Nxe5 42. dxe5 Re6 $16) 41... f4 (41... Nb2 $142 42. Ne5 Kg8) 42. gxf4 $2 (42. Ne5 $18 {is the precise move to win. Strongly threatening Nf7+.} fxg3 43. fxg3 (43. Nf7+ Kg8 $11) 43... Nxe5 44. dxe5) 42... gxf4 $16 43. f3 Kg8 44. Ne5 fxe3 $2 {[%emt 0:01:12][%mdl 8192] Black cannot hold the game after this.} (44... Re6 $16 {is tougher.}) 45. Nxd3 $18 exd3+ 46. Kxd3 $16 {[%emt 0:00:08] KR-KR} Re6 {[%emt 0:00:29] Threatens to win with ...e2.} 47. Ke2 Rf6 48. Kxe3 {[%emt 0:00:16] aiming for Rd7.} Rf5 $2 (48... Kf8 {keeps fighting.} 49. Rb7 Ke8) 49. Rb7 Rxh5 (49... Rf6 $142 50. Rd7 Re6+ 51. Kf4 Rf6+ 52. Kg4 Rf8 53. Rxd5 Ra8) 50. Rxb6 $18 {[%emt 0:00:07] And now a5 would win.} Kg7 51. a5 {[%emt 0:01:38] Intending a6 and mate.} Rh2 52. a6 Ra2 53. Kf4 {[%emt 0:00:18] White threatens Kf5 and mate.} Ra3 54. Kg4 {[%emt 0:01:10] White mates.} h5+ 55. Kg5 Kf7 56. f4 h4 57. Kxh4 Ra4 58. Kg5 Rxd4 59. f5 Ke7 60. f6+ Kd7 61. f7 Ke7 62. Rb7+ Kf8 63. a7 {[%emt 0:00:15] Weighted Error Value: White=0.14 (very precise) /Black=0.46} 1-0

[Event "5th Sharjah Masters 2022"]
[Site "Sharjah"]
[Date "2022.05.23"]
[Round "3.28"]
[White "Mchedlishvili, Mikheil"]
[Black "Aziz, Husain"]
[Result "0-1"]
[ECO "C66"]
[WhiteElo "2595"]
[BlackElo "2379"]
[Annotator "TA"]
[PlyCount "98"]
[EventDate "2022.05.21"]
[EventType "swiss"]
[EventCountry "UAE"]
[SourceTitle "playchess.com"]
[Source "ChessBase"]
[SourceQuality "1"]
[TimeControl "5400+30"]

1. e4 e5 2. Nf3 Nc6 3. Bb5 Nf6 4. d3 d6 5. O-O Bd7 6. Re1 {[%emt 0:02:06] C66: Ruy Lopez: Steinitz Defence.} g6 7. d4 Bg7 8. d5 {[%emt 0:04:06] White is slightly better.} Nb8 9. Bxd7+ Nbxd7 10. c4 O-O 11. Nc3 {[%emt 0:00:33] [#]} Kh8 $146 ({Predecessor:} 11... h5 12. Bg5 Qe8 13. b4 Nh7 14. Bd2 a6 15. Rb1 Qd8 16. g3 f5 17. exf5 gxf5 {1-0 (42) Karjakin,S (2757)-Sakaev,K (2594) Jurmala 2015}) 12. Bg5 a6 13. b4 Qe8 14. Rc1 h6 15. Bd2 Ng8 16. c5 Qd8 17. c6 bxc6 18. dxc6 Nb6 19. Be3 {[%emt 0:13:45] aiming for Bxb6.} Nc4 20. Nd5 Nxe3 21. Rxe3 Ne7 22. a4 h5 23. Rc4 Bh6 24. Re1 (24. Rb3 $5 ) 24... Rb8 (24... Nxd5 $11 25. Qxd5 (25. exd5 f5 $11) 25... g5) 25. Nc3 (25. Nf6 $1 $16) 25... f5 26. b5 axb5 27. Nxb5 ({White should play} 27. axb5 $16 fxe4 28. Rcxe4) 27... Qc8 28. exf5 Nxf5 29. Qc2 Rf7 30. Nh4 Nxh4 31. Rxh4 Qe6 32. Rhe4 Bg7 33. R4e2 d5 34. Qc5 e4 35. Rd1 Rd8 (35... Ra8 $11) 36. Red2 (36. Nd4 $1 $14 {might be stronger.} Qe5 37. a5) 36... Rf6 37. Rc2 Qf7 38. a5 Ra8 39. Nc3 (39. Rxd5 e3 40. f3 (40. Rd7 $2 Qb3 $19) 40... Rxa5 41. Rd8+ Kh7 42. Qxe3 Rxb5 $17) 39... d4 40. Rxd4 {[%emt 0:01:39] And now Rd7 would win.} Rf5 ({Better is} 40... e3 $15 41. f3 Rf5) 41. Rd5 $14 Rxd5 42. Nxd5 ({Not} 42. Qxd5 Qxd5 43. Nxd5 Rxa5 $15) 42... Rb8 43. Rc1 Rb2 $1 {[%emt 0:00:14][%cal Oe4e3] Hoping for ...e3!} 44. Rd1 $2 (44. a6 $16 {and life is bright.}) 44... e3 $1 $19 45. Rf1 ({But not} 45. Nxe3 Qxf2+ 46. Kh1 Re2 $19) (45. f3 e2 46. Re1) 45... Rxf2 46. Nxe3 Rxf1+ 47. Nxf1 {[%emt 0:00:02] [#]} Qf4 {[%emt 0:00:10] Against Nd2. Threatens to win with ...Bd4+. Black is clearly winning.} 48. Qb5 Bd4+ 49. Kh1 {[%emt 0:00:04] [#]} Qf2 $1 {[%emt 0:00:27] Against Qe2.  Weighted Error Value: White=0.42/Black=0.17 (very precise)} 0-1

[Event "5th Sharjah Masters 2022"]
[Site "Sharjah"]
[Date "2022.05.23"]
[Round "3.29"]
[White "Azarov, Sergei"]
[Black "Al Hosani, Omran"]
[Result "1-0"]
[ECO "B33"]
[WhiteElo "2588"]
[BlackElo "2191"]
[Annotator "TA"]
[PlyCount "85"]
[EventDate "2022.05.21"]
[EventType "swiss"]
[EventCountry "UAE"]
[SourceTitle "playchess.com"]
[Source "ChessBase"]
[SourceQuality "1"]
[TimeControl "5400+30"]

1. e4 c5 2. Nf3 Nc6 3. d4 cxd4 4. Nxd4 Nf6 5. Nc3 e5 6. Ndb5 d6 7. Nd5 Nxd5 8. exd5 Nb8 9. a4 Be7 10. Be2 O-O 11. O-O {[%emt 0:00:52] B33: Sicilian: Pelikan and Sveshnikov Variations.} Nd7 12. Bd2 {[%emt 0:03:06] The modern move.} a6 13. Na3 {[%emt 0:00:42] The position is equal.} a5 14. f4 Nb6 15. c4 Bf6 16. Ra2 {[%emt 0:16:26] [#]} (16. Bd3 {is more complex.} exf4 17. Bxf4 Bxb2 18. Bxh7+ Kxh7 19. Qc2+) 16... Nd7 $146 ({Predecessor:} 16... Re8 17. b3 Nd7 18. Bg4 Nc5 19. Bxc8 Rxc8 20. Nb5 exf4 21. Bxf4 Be5 22. Raf2 Ne4 {½-½ (28) Firnhaber,I (2469)-Tinture,L (2457) ICCF email 2018}) 17. Nb5 Nc5 18. Kh1 Qe7 19. b4 axb4 20. Bxb4 b6 21. f5 Bd7 22. a5 Rfc8 23. a6 e4 24. Qb1 Bxb5 (24... e3 $11) 25. cxb5 $16 Qe5 26. Be1 Qxd5 27. Rd2 Qb3 28. Bg3 $1 ({Reject} 28. Qxb3 $6 Nxb3 29. Rxd6 Nd4 $11) 28... d5 29. Qxb3 {[%emt 0:00:39][%mdl 64] Remove Defender} Nxb3 30. Rxd5 Nd4 31. Bg4 e3 32. h4 Rc4 33. Kh2 Rb4 {[%emt 0:04:32] Black cannot hold the game after this.} (33... h6 $16) 34. Rf4 $18 Re8 35. a7 Ra4 {[%emt 0:05:19] [#]} 36. Rd7 $1 {[%emt 0:01:59] Rb7 is the strong threat.} Ra8 $2 (36... Ra1 {is a better defense.} 37. Bh5 (37. Rdxd4 Bxd4 38. Rxd4 Rxa7 $16) 37... Rf8) 37. Re4 g6 38. fxg6 hxg6 {[%emt 0:00:01] [#]} 39. Bb8 Kg7 40. Bd1 Rb4 (40... Ra2 {was necessary.} 41. Rxe3 (41. Rdxd4 Bxd4 42. Rxd4 e2 $18) 41... Ra1) 41. Rxe3 {[%emt 0:00:41] Threatens to win with Re4.} Nf5 (41... Nxb5 $142 42. Bf3 Rxh4+ 43. Kg3 Rd4 44. Rxd4 Bxd4) 42. Rh3 Nxh4 43. Bb3 {[%emt 0:00:43] Weighted Error Value: White=0.13 (very precise) /Black=0.37} 1-0

[Event "5th Sharjah Masters 2022"]
[Site "Sharjah"]
[Date "2022.05.23"]
[Round "3.30"]
[White "Fedoseev, Vladimir"]
[Black "Davtyan, Artur"]
[Result "1-0"]
[ECO "C28"]
[WhiteElo "2701"]
[BlackElo "2488"]
[Annotator "TA"]
[PlyCount "127"]
[EventDate "2022.05.21"]
[EventType "swiss"]
[EventCountry "UAE"]
[SourceTitle "playchess.com"]
[Source "ChessBase"]
[SourceQuality "1"]
[TimeControl "5400+30"]

1. e4 e5 2. Bc4 Nc6 3. Nc3 Nf6 4. d3 Na5 5. Bb3 Bc5 {[%emt 0:03:28] [#]} 6. Qe2 $146 {[%emt 0:02:00] C28: Vienna Game: 2...Nf6 3 Bc4 Nc6.} ({Predecessor:} 6. Nf3 d6 7. h3 h6 8. Ne2 Nxb3 9. axb3 c6 10. Ng3 Bb6 11. Qe2 O-O 12. Be3 Re8 13. Bxb6 Qxb6 {½-½ (71) Rapport,R (2763)-Nihal,S (2650) Chess.com INT 2021}) 6... d6 7. Na4 Bb6 8. Bd2 {[%emt 0:03:07] The position is equal.} O-O 9. Nf3 Bd7 10. h3 h6 11. g4 Qe8 12. Nc3 Nxb3 13. axb3 a5 14. Rg1 Nh7 15. Nd5 Be6 16. Nxb6 cxb6 17. d4 a4 18. d5 (18. dxe5 axb3 19. Rxa8 Qxa8 20. exd6 bxc2 $15) 18... Bd7 19. bxa4 Bxa4 20. Rc1 Qc8 21. Bb4 Qc7 22. Nd2 Rfc8 23. b3 Be8 24. Qe3 b5 {[%emt 0:00:44] Inhibits Nc4.} 25. h4 Ra2 26. c3 (26. f4 $11) 26... Nf8 27. h5 {[%emt 0:00:12] Against Ng6} f6 {[%emt 0:00:10] Inhibits g5.} 28. Kf1 Nh7 29. Kg2 Qd7 30. Kh2 Qd8 31. Nf3 Ng5 (31... Rb2 $15) 32. Nh4 $14 Bd7 33. Rg2 Rca8 34. f3 Rxg2+ (34... f5 $5 35. exf5 Be8 $16) 35. Kxg2 Ra2+ 36. Kg3 $1 Qa8 37. Bxd6 Rb2 38. Qg1 Rxb3 (38... Kh7 $16) 39. Bb4 ({White has to play} 39. Ng6 $1 $18) 39... Qa2 (39... Rb2 $14) 40. Qe1 (40. Ra1 $1 $18 {[%cal Ra1a2] is the precise move to win.} Qe2 41. Qg2 Nxe4+ 42. Kh2 Qxg2+ 43. Kxg2 Rb2+ 44. Kg1 Rxb4 45. cxb4) 40... Kh7 $2 (40... Rb2 $16 41. Ra1 Qc4) 41. Ra1 $1 $18 Qc2 {[%emt 0:00:00] Threatens to win with ...Rb2.} 42. Qd1 $1 Nxe4+ 43. fxe4 {[%emt 0:00:11] Really sharp!} Qxe4 {[%emt 0:00:04] ...Qf4+ is the strong threat.} 44. Qf3 {[%emt 0:01:20] Against Qf4+} (44. Qxb3 $2 Qxg4+ 45. Kf2 Qxh4+ 46. Ke2 Qh2+ 47. Ke1 Qh1+ 48. Kd2 Qxa1 $19) 44... Qc4 (44... Qc2 45. Rg1 (45. Ng6 Rb2 $11) 45... Rb1) 45. Re1 $2 (45. Ra8 {Black must now prevent Ng6.} e4 46. Ng6 $1) 45... Kg8 $2 (45... Rb2 46. Nf5 Rd2) 46. Qe4 $2 (46. Ng6 {Hoping for Ra1.} Rb2 {[#]} 47. Rxe5 $1 ) 46... Qc7 $2 (46... Qxe4 {is a better chance.} 47. Rxe4 Rb2) 47. d6 Qc6 48. Nf3 (48. Qf3 $142) 48... Kf8 $2 (48... Qxe4 49. Rxe4 Rb2) 49. Qxc6 {[%emt 0:00:22] White is clearly winning.} ({Not} 49. Nxe5 fxe5 50. Qxc6 (50. Qxe5 Rb2 $18) 50... bxc6 $16) 49... bxc6 50. Nd2 Rb2 51. Ne4 Ra2 52. Nc5 Ke8 53. Rd1 Kd8 54. Kf3 Ke8 55. Nxd7 Kxd7 {[%emt 0:00:01][%mdl 4096] Endgame KRB-KR} 56. Ke4 Ra4 57. Kf5 c5 58. Bxc5 Rf4+ 59. Kg6 Rxg4+ 60. Kf7 f5 61. Rd5 Re4 62. Kxg7 {[%emt 0:00:08] Strongly threatening Kf6.} f4 63. Kf6 Kc6 64. d7 {[%emt 0:00:23] Weighted Error Value: White=0.40/Black=0.32} (64. Ke6 $142 Ra4 65. d7) 1-0

[Event "5th Sharjah Masters 2022"]
[Site "Sharjah"]
[Date "2022.05.23"]
[Round "3.31"]
[White "Assaubayeva, Bibisara"]
[Black "Nihal Sarin"]
[Result "1/2-1/2"]
[ECO "E16"]
[WhiteElo "2439"]
[BlackElo "2646"]
[Annotator "TA"]
[PlyCount "50"]
[EventDate "2022.05.21"]
[EventType "swiss"]
[EventCountry "UAE"]
[SourceTitle "playchess.com"]
[Source "ChessBase"]
[SourceQuality "1"]
[TimeControl "5400+30"]

1. d4 Nf6 2. c4 e6 3. Nf3 b6 4. g3 Bb7 5. Bg2 Bb4+ 6. Bd2 c5 7. O-O O-O 8. Bxb4 cxb4 9. a3 bxa3 10. Rxa3 a5 {[%emt 0:00:37] E16: Queen's Indian: 4 g3 Bb7 5 Bg2 Bb4+.} 11. Nc3 Na6 12. Qd2 {[%emt 0:12:36] [#]} d6 $146 {[%emt 0:18:14] The position is equal.} ({Predecessor:} 12... Nb4 13. Nb5 d5 14. Ne5 Ba6 15. b3 Bxb5 16. cxb5 Qe8 17. Nd3 Qxb5 18. Nxb4 axb4 19. Rxa8 Rxa8 {0-1 (62) Costachi,M (2471)-Quparadze,G (2463) Chess.com INT 2021}) 13. Rc1 Rc8 14. b3 Qe7 15. Raa1 Rfe8 16. Na4 Qc7 17. Ne1 h6 18. Nc3 {[%emt 0:00:30] [#] Hoping for Nb5.} Bxg2 $1 19. Nxg2 Qb7 20. Nf4 Rcd8 21. Rd1 Rd7 22. Rac1 Nb4 23. Nd3 Nc6 24. e3 Ne7 25. Qe2 Nc6 {[%emt 0:00:30] Weighted Error Value: White=0.09 (flawless) /Black=0.09 (flawless)} 1/2-1/2

[Event "5th Sharjah Masters 2022"]
[Site "Sharjah"]
[Date "2022.05.23"]
[Round "3.32"]
[White "Ivic, Velimir"]
[Black "Nikolov, Momchil"]
[Result "1/2-1/2"]
[ECO "D41"]
[WhiteElo "2623"]
[BlackElo "2454"]
[Annotator "TA"]
[PlyCount "59"]
[EventDate "2022.05.21"]
[EventType "swiss"]
[EventCountry "UAE"]
[SourceTitle "playchess.com"]
[Source "ChessBase"]
[SourceQuality "1"]
[TimeControl "5400+30"]

1. d4 Nf6 2. c4 e6 3. Nc3 d5 4. cxd5 Nxd5 5. e4 Nxc3 6. bxc3 c5 7. Nf3 cxd4 8. cxd4 Bb4+ 9. Bd2 Bxd2+ 10. Qxd2 O-O 11. Bc4 Nd7 12. O-O {[%emt 0:01:08] D41: Queen's Gambit Declined: Semi-Tarrasch with 5 cxd5.} b6 13. d5 Nf6 14. Rfe1 exd5 15. exd5 Qd6 {[%emt 0:01:33] [#]} 16. Qd4 $146 ({Predecessor:} 16. Ne5 Bb7 17. Rad1 Rad8 18. Qg5 h6 19. Qf5 Qc5 20. Rc1 Bxd5 21. Bd3 Be6 22. Qf4 {0-1 (47) Heimann,A (2606)-Barp,A (2366) Tornelo INT 2020}) 16... Bb7 17. Nh4 {[%emt 0:17:38] [#] Strongly threatening Nf5.} g6 {[%emt 0:03:11][%cal Rb7d5] Prevents Nf5.} (17... Bxd5 $2 18. Nf5 Qb4 19. Ne7+ (19. Bxd5 Qxd4 20. Bxf7+ Rxf7 $11) 19... Kh8 20. Nxd5 $18) 18. Rad1 Rae8 19. Nf3 Rxe1+ 20. Rxe1 Re8 ({Black should play} 20... Rc8 $15) 21. Rd1 Ne4 22. Bb5 Re7 23. h4 a6 24. Bf1 Qc5 25. Qb2 h5 ({Resist} 25... Bxd5 26. Rc1 Qxf2+ 27. Qxf2 Nxf2 28. Kxf2 $16) 26. a4 {[%emt 0:06:19] Inhibits b5. The position is equal.} b5 27. axb5 axb5 28. Rc1 Qxd5 29. Bxb5 Qd6 30. Qd4 {[%emt 0:02:12] A balanced but interesting game.  Weighted Error Value: White=0.11 (very precise) /Black=0.13 (very precise)} 1/2-1/2

[Event "5th Sharjah Masters 2022"]
[Site "Sharjah"]
[Date "2022.05.23"]
[Round "3.33"]
[White "Zawadzka, Jolanta"]
[Black "Sanal, Vahap"]
[Result "1/2-1/2"]
[ECO "B66"]
[WhiteElo "2409"]
[BlackElo "2575"]
[Annotator "TA"]
[PlyCount "88"]
[EventDate "2022.05.21"]
[EventType "swiss"]
[EventCountry "UAE"]
[SourceTitle "playchess.com"]
[Source "ChessBase"]
[SourceQuality "1"]
[TimeControl "5400+30"]

1. e4 c5 2. Nf3 Nc6 3. d4 cxd4 4. Nxd4 Nf6 5. Nc3 d6 6. Bg5 e6 7. Qd2 a6 8. Nxc6 {[%emt 0:00:19] B66: Sicilian: Richter-Rauzer: 7...a6 8 0-0-0 h6.} bxc6 9. O-O-O {[%emt 0:00:07][%cal Oe4e5] Black must now prevent e5!} d5 (9... h6 $5 10. Bf4 d5 $14) 10. Qe3 {[%emt 0:00:18] White is slightly better.} Be7 {[%emt 0:00:52] Hoping for ...Ng4.} 11. Bxf6 gxf6 12. Bc4 $1 Bb7 13. Rhe1 Qc7 14. Bb3 {[%emt 0:03:47][%cal Re4d5] [#] White is more active.} O-O-O $146 (14... Qxh2 $2 15. g3 O-O-O 16. Rh1 $18) (14... O-O $14 {might be stronger.}) ({Predecessor:} 14... Rg8 15. g3 Kf8 16. f4 a5 17. f5 Rg5 18. Kb1 Rd8 19. fxe6 fxe6 20. exd5 exd5 {½-½ (80) Hovhannisyan,R (2650)-G,A (2394) Riga 2019}) 15. exd5 $16 Bd6 16. Qh3 $1 (16. dxe6 $2 Bf4 17. exf7 (17. Rxd8+ $2 Rxd8 18. exf7 Bxe3+ $19) 17... Bxe3+ $19) 16... cxd5 17. Bxd5 Be5 18. Bxb7+ Qxb7 19. Rd3 Rxd3 20. Qxd3 Rd8 21. Qc4+ Kb8 22. Qb3 h5 23. g3 h4 24. Qxb7+ (24. gxh4 Bf4+ 25. Kb1 Qxb3 26. axb3 Rh8 $14) 24... Kxb7 {[%emt 0:00:04][%mdl 4096] Endgame KRB-KRN} 25. Ne4 (25. gxh4 $6 Rh8 $14) 25... Kc6 26. f4 (26. gxh4 $6 Rb8 $11) 26... Bd4 27. c3 (27. gxh4 Rh8 $14) 27... Bb6 28. Re2 ({Don't play} 28. gxh4 $6 Rh8 $11) 28... hxg3 29. hxg3 (29. Nxf6 $6 gxh2 30. Rxh2 Be3+ 31. Kc2 Bxf4 $11) 29... Rg8 30. Kc2 ({Of course not} 30. Nxf6 Rxg3 31. Re4 Rg2 $11) 30... Rg4 31. b4 ({Don't do} 31. Nxf6 Rxg3 32. Re4 Rg2+ 33. Kb3 a5 $14) 31... f5 32. Ng5 Rxg3 33. Nxf7 Be3 {[%emt 0:00:05] [#]} 34. c4 (34. Re1 $1 $16) 34... Kc7 (34... a5 $11 {keeps the balance.}) 35. c5 a5 {[%emt 0:00:30] [#]} 36. b5 {[%emt 0:00:30] b6+ is the strong threat.} Bxc5 37. Rxe6 {[%emt 0:00:30] Threatens to win with Rc6+.} Be3 38. Rc6+ Kb8 39. Rc4 Rf3 40. Nd6 Bxf4 41. Nxf5 Rf2+ 42. Kb3 Be5 43. Ne7 (43. Nd4 $16 {aiming for Nc6+.} Kb7 44. a4) 43... Rb2+ $11 44. Ka3 {[%emt 0:00:30] And now Nc6+ would win.} Kb7 {[%emt 0:00:30] Weighted Error Value: White=0.08 (flawless) /Black=0.09 (flawless)} 1/2-1/2

[Event "5th Sharjah Masters 2022"]
[Site "Sharjah"]
[Date "2022.05.23"]
[Round "3.34"]
[White "Aditya Mittal"]
[Black "Erdogdu, Mert"]
[Result "0-1"]
[ECO "D30"]
[WhiteElo "2490"]
[BlackElo "2407"]
[Annotator "TA"]
[PlyCount "100"]
[EventDate "2022.05.21"]
[EventType "swiss"]
[EventCountry "UAE"]
[SourceTitle "playchess.com"]
[Source "ChessBase"]
[SourceQuality "1"]
[TimeControl "5400+30"]

1. d4 d5 2. c4 e6 3. Nf3 c5 4. cxd5 exd5 5. g3 Nf6 6. Bg2 Nc6 7. O-O Be7 8. dxc5 Bxc5 9. a3 Ne4 {[%emt 0:01:32] D30: Queen's Gambit Declined: Systems without Nc3.} 10. Nfd2 f5 11. Nc3 {[%emt 0:00:04] White wants to play Nb3.} Be6 {[%emt 0:04:24] [#] The position is equal.} 12. Nf3 $146 ({Predecessor:} 12. e3 O-O 13. Nb3 Bb6 14. Ne2 Qf6 15. Nbd4 Bf7 16. Kh1 Rac8 17. b3 Bh5 18. f3 Nxd4 19. Nxd4 {0-1 (31) Postny,E (2605)-Shlyakhtenko,R (2370) Chess.com INT 2020}) 12... O-O 13. Bf4 Qd7 14. Rc1 Bb6 15. Na4 d4 16. b4 Rad8 17. b5 Na5 18. Nxb6 axb6 19. Rc7 Qxb5 20. Nxd4 Qd5 21. e3 Nc6 22. Qa1 $36 {[%emt 0:05:19][%mdl 2048] White has some pressure.} Nxd4 23. exd4 Rf7 24. Rxf7 Kxf7 25. Bc7 {[%emt 0:00:45][%cal Bf4c7,Bc7b6,Bb6c5][%mdl 32] A strong pair of Bishops.} Rc8 26. Bxb6 Rc2 (26... Qc6 $14 27. Qb1 g6) 27. Qd1 $16 Rb2 (27... Rc8 $16) 28. Qh5+ $18 Kf6 29. Bc5 h6 30. Qe8 $2 (30. g4 $18) 30... Qd7 $14 31. Qb8 Kg6 32. Qe5 Bd5 ({Black should try} 32... Bc4 $1 $11) 33. g4 Nf6 34. Bxd5 Nxd5 35. h4 (35. Bd6 $5 Qf7 36. gxf5+ Qxf5 37. Qxf5+ Kxf5 38. Re1 $14) 35... fxg4 36. Re1 {[%emt 0:00:17] h5+ is the strong threat.} Nf6 {[%emt 0:01:24] Prevents h5+.} 37. d5 (37. Bb4 $11 {remains equal.}) 37... Rb5 $1 $17 38. Be7 (38. Qd4 $15 Qxd5 39. Qxd5 Nxd5 40. Bd4) 38... Rxd5 ({Don't play} 38... Qxd5 39. Bxf6 Qc6 40. h5+ Kh7 41. Qe2 Rxh5 42. Qd3+ Kg8 43. Bh4 $1 $18 ) 39. Qe3 Rd3 (39... b5 $19 40. Qe6 Qxe6 41. Rxe6 Kf5) 40. Qe5 Rd5 (40... Rh3 $17 {aiming for ...Qc6.} 41. Qe6 (41. Bxf6 $2 gxf6 42. Qf4 b5 $19) 41... Qxe6 42. Rxe6 Kf7) 41. Qe2 $2 (41. Qe3 $1 $11 {and White has nothing to worry.}) 41... b5 42. Bxf6 $4 (42. Qe3 $17) 42... gxf6 {[%emt 0:00:05][%mdl 4096] Endgame KQR-KQR} 43. Qe4+ {[%emt 0:00:18] [#]} Kh5 $1 44. Qf4 $2 (44. f3) 44... Qf5 $19 45. Qc1 Rd3 {[%emt 0:00:20] Strongly threatening ...g3.} 46. Re7 g3 {[%emt 0:00:37] Black mates.} 47. Qf1 Qf3 48. Re1 gxf2+ 49. Qxf2 Qg4+ 50. Qg2 Rg3 {[%emt 0:00:05] Quite a comeback for Black.  Weighted Error Value: White=0.68/Black=0.24 (precise)} 0-1